APP
BLUEFIELD BLUE JAYS @ GREAT FALLS VOYAGERS
11/10/2045
 
TOP OF THE 1ST
Palm Beach Cardinals batting - Pitching for Stockton Ports : RHP Nick Kirk
Pitching: RHP Nick Kirk
Batting: LHB Ken Compton 0-0: Ball
1-0: Called Strike
1-1: Ball
2-1: Ball
3-1: Swinging Strike
3-2: Foul Ball, location: 2F
3-2: Ground out U3 (Groundball, 13, EV 85.6 MPH)
Batting: LHB Ichiro Toyota 0-0: Swinging Strike
0-1: Ball
1-1: Ball
2-1: Ball
3-1: Called Strike
3-2: Strikes out swinging
Batting: RHB Mark Cahill 0-0: Ball
1-0: Foul Ball, location: 2F
1-1: Fly out, F8 (Flyball, 8RD, EV 100.0 MPH)
Top of the 1st over - 0 runs, 0 hits, 0 errors, 0 left on base; Palm Beach 0 - Stockton 0
BOTTOM OF THE 1ST
Stockton Ports batting - Pitching for Palm Beach Cardinals : LHP Danny Rivera
Pitching: LHP Danny Rivera
Batting: RHB Carlos Ballesteros 0-0: Ball
1-0: Called Strike
1-1: Ball
2-1: Ball
3-1: SINGLE (Groundball, 6MD, EV 103.1 MPH)
Batting: RHB Moses Brokken 0-0: Foul Ball, location: 2F
0-1: Foul Ball, location: 2F
0-2: Foul Ball, location: 2F
0-2: Strikes out looking
Batting: LHB Chance Stever 0-0: Called Strike
0-1: Foul Ball, location: 2F
0-2: Ball
1-2: Foul Ball, location: 2F
1-2: Foul Ball, location: 2F
1-2: Foul Ball, location: 2F
1-2: Foul Ball, location: 2F
1-2: Ball
2-2: SINGLE (Groundball, 34D, EV 98.1 MPH)
Carlos Ballesteros to second
Runner from 2nd tries for 3rd, SAFE, throw by RF made to third
Batting: RHB Eduardo Chavez 0-0: Ball
1-0: Foul Ball, location: 2F
1-1: Foul Ball, location: 2F
1-2: Strikes out swinging
Batting: LHB Lee Gerken 0-0: Ball
1-0: SINGLE (Groundball, 6MD, EV 98.1 MPH)
Carlos Ballesteros scores
Chance Stever to second
Batting: RHB Kyle Waters 0-0: Called Strike
0-1: Fielders Choice at 2nd, 6-4 (Groundball, 6, EV 79.4 MPH)
Bottom of the 1st over - 1 run, 3 hits, 0 errors, 2 left on base; Palm Beach 0 - Stockton 1
TOP OF THE 2ND
Palm Beach Cardinals batting - Pitching for Stockton Ports : RHP Nick Kirk
Batting: RHB Dave Cluster 0-0: Called Strike
0-1: Ball
1-1: Ball
2-1: Swinging Strike
2-2: Ball
3-2: Foul Ball, location: 2F
3-2: Strikes out swinging
Batting: LHB Yeong-hun Joe 0-0: Swinging Strike
0-1: Ball
1-1: Foul Ball, location: 2F
1-2: Ball
2-2: SINGLE (Line Drive, 3D, EV 106.9 MPH)
Batting: SHB Jason Kirby 0-0: Ball
1-0: Ball
2-0: Called Strike
2-1: Called Strike
2-2: Strikes out swinging
Batting: RHB Tim Cleary 0-0: Ball
Yeong-hun Joe is caught stealing 2nd base 2-4
Top of the 2nd over - 0 runs, 1 hit, 0 errors, 0 left on base; Palm Beach 0 - Stockton 1
BOTTOM OF THE 2ND
Stockton Ports batting - Pitching for Palm Beach Cardinals : LHP Danny Rivera
Batting: LHB Juan Villafana 0-0: Ball
1-0: Called Strike
1-1: Foul Ball, location: 2F
1-2: Foul Ball, location: 2F
1-2: Fly out, F7 (Flyball, 7, EV 85.0 MPH)
Batting: RHB Edgar Landim 0-0: Ball
1-0: Foul Ball, location: 2F
1-1: Foul Ball, location: 2F
1-2: Strikes out looking
Batting: RHB Antonio Bautista 0-0: Called Strike
0-1: Called Strike
0-2: Ball
1-2: Foul Ball, location: 2F
1-2: Foul Ball, location: 2F
1-2: Strikes out swinging
Bottom of the 2nd over - 0 runs, 0 hits, 0 errors, 0 left on base; Palm Beach 0 - Stockton 1
TOP OF THE 3RD
Palm Beach Cardinals batting - Pitching for Stockton Ports : RHP Nick Kirk
Batting: RHB Tim Cleary 0-0: Ball
1-0: Ball
2-0: Called Strike
2-1: Ball
3-1: Called Strike
3-2: Strikes out looking
Batting: LHB Billy Guzman 0-0: Ball
1-0: Called Strike
1-1: Ball
2-1: Swinging Strike
2-2: Strikes out looking
Batting: RHB Josh Broome 0-0: Ground out 5-3 (Groundball, 56, EV 92.5 MPH)
Top of the 3rd over - 0 runs, 0 hits, 0 errors, 0 left on base; Palm Beach 0 - Stockton 1
BOTTOM OF THE 3RD
Stockton Ports batting - Pitching for Palm Beach Cardinals : LHP Danny Rivera
Batting: RHB Carlos Ballesteros 0-0: Foul Ball, location: 2F
0-1: Foul Ball, location: 2F
0-2: Ball
1-2: Strikes out swinging
Batting: RHB Moses Brokken 0-0: Swinging Strike
0-1: Swinging Strike
0-2: Ball
1-2: Foul Ball, location: 2F
1-2: Strikes out swinging
Batting: LHB Chance Stever 0-0: Called Strike
0-1: Fly out, F7 (Flyball, 7, EV 83.8 MPH)
Bottom of the 3rd over - 0 runs, 0 hits, 0 errors, 0 left on base; Palm Beach 0 - Stockton 1
TOP OF THE 4TH
Palm Beach Cardinals batting - Pitching for Stockton Ports : RHP Nick Kirk
Batting: LHB Ken Compton 0-0: DOUBLE (Line Drive, 8LD, EV 111.9 MPH)
Batting: LHB Ichiro Toyota 0-0: Called Strike
0-1: Ball
1-1: Called Strike
1-2: Ball
2-2: Foul Ball, location: 2F
2-2: Foul Ball, location: 2F
2-2: Foul Ball, location: 2F
2-2: Ball
3-2: Ground out 4-3 (Groundball, 4S, EV 63.1 MPH)
Ken Compton to third
Batting: RHB Mark Cahill 0-0: Ball
1-0: Swinging Strike
1-1: Reached on error, E6 (Groundball, 6, EV 76.9 MPH)
Ken Compton scores
Batting: RHB Dave Cluster 0-0: Called Strike
0-1: Swinging Strike
0-2: Strikes out swinging
Batting: LHB Yeong-hun Joe 0-0: Swinging Strike
0-1: Foul Ball, location: 2F
0-2: Foul Ball, location: 2F
0-2: Ball
1-2: Foul Ball, location: 2F
1-2: Ball
2-2: Ball
3-2: Base on Balls
Batting: SHB Jason Kirby 0-0: Called Strike
0-1: Ball
1-1: Ball
2-1: Ball
3-1: Foul Ball, location: 2F
3-2: SINGLE (Groundball, 34D, EV 106.3 MPH)
Mark Cahill to third
Yeong-hun Joe to second
Mark Cahill scores
Yeong-hun Joe to third
Batting: RHB Tim Cleary 0-0: Ball
1-0: Called Strike
Jason Kirby steals 2nd base
1-1: DOUBLE (Line Drive, 78M, EV 105.0 MPH)
Yeong-hun Joe scores
Jason Kirby scores
Batting: LHB Billy Guzman 0-0: Called Strike
0-1: Called Strike
0-2: Ball
1-2: Ball
2-2: Strikes out looking
Top of the 4th over - 4 runs, 3 hits, 1 error, 1 left on base; Palm Beach 4 - Stockton 1
BOTTOM OF THE 4TH
Stockton Ports batting - Pitching for Palm Beach Cardinals : LHP Danny Rivera
Batting: RHB Eduardo Chavez 0-0: Called Strike
0-1: Ball
1-1: Ball
2-1: Ball
3-1: Base on Balls
Batting: LHB Lee Gerken 0-0: Fly out, F7 (Flyball, 7S, EV 95.0 MPH)
Batting: RHB Kyle Waters 0-0: Ball
1-0: Called Strike
1-1: Ball
2-1: Called Strike
2-2: Ball
3-2: Base on Balls
Eduardo Chavez to second
Batting: LHB Juan Villafana 0-0: Called Strike
0-1: Swinging Strike
0-2: Ball
1-2: Strikes out swinging
Batting: RHB Edgar Landim 0-0: Ball
1-0: 3-RUN HOME RUN (Line Drive, 89XD, EV 101.9 MPH), Distance : 402 ft
Pitching: LHP Carlos Salcido
Batting: RHB Antonio Bautista 0-0: Ball
1-0: Ball
2-0: Called Strike
2-1: Called Strike
2-2: Strikes out swinging
Bottom of the 4th over - 3 runs, 1 hit, 0 errors, 0 left on base; Palm Beach 4 - Stockton 4
TOP OF THE 5TH
Palm Beach Cardinals batting - Pitching for Stockton Ports : RHP Nick Kirk
Pitching: RHP Aaron Garard
Batting: RHB Josh Broome 0-0: Called Strike
0-1: Ball
1-1: Ball
2-1: Ball
3-1: Foul Ball, location: 2F
3-2: Strikes out swinging
Batting: LHB Ken Compton 0-0: Ball
1-0: Called Strike
1-1: Ball
2-1: Called Strike
2-2: Ground out 1-3 (Groundball, 13S, EV 70.0 MPH)
Batting: LHB Ichiro Toyota 0-0: Ground out 6-3 (Groundball, 6, EV 86.3 MPH)
Top of the 5th over - 0 runs, 0 hits, 0 errors, 0 left on base; Palm Beach 4 - Stockton 4
BOTTOM OF THE 5TH
Stockton Ports batting - Pitching for Palm Beach Cardinals : LHP Carlos Salcido
Batting: RHB Carlos Ballesteros 0-0: Ball
1-0: Fly out, F6 (Popup, 6, EV 68.8 MPH)
Batting: RHB Moses Brokken 0-0: DOUBLE (Flyball, 78XD, EV 103.1 MPH)
Batting: LHB Chance Stever 0-0: Called Strike
0-1: Foul Ball, location: 2F
0-2: Foul Ball, location: 2F
0-2: Ball
1-2: Ball
2-2: Ground out 5-3 (Groundball, 56S, EV 66.3 MPH)
Moses Brokken to third
Batting: RHB Eduardo Chavez 0-0: Ball
1-0: Swinging Strike
1-1: Swinging Strike
1-2: Ball
2-2: Strikes out swinging
Bottom of the 5th over - 0 runs, 1 hit, 0 errors, 1 left on base; Palm Beach 4 - Stockton 4
TOP OF THE 6TH
Palm Beach Cardinals batting - Pitching for Stockton Ports : RHP Aaron Garard
Batting: RHB Mark Cahill 0-0: Foul Ball, location: 2F
0-1: Foul Ball, location: 2F
0-2: Foul Ball, location: 2F
0-2: Strikes out looking
Batting: RHB Dave Cluster 0-0: Called Strike
0-1: Called Strike
0-2: Ball
1-2: Fly out, F8 (Line Drive, 8RM, EV 88.8 MPH)
Batting: LHB Yeong-hun Joe 0-0: Called Strike
0-1: Foul Ball, location: 2F
0-2: Strikes out swinging
Top of the 6th over - 0 runs, 0 hits, 0 errors, 0 left on base; Palm Beach 4 - Stockton 4
BOTTOM OF THE 6TH
Stockton Ports batting - Pitching for Palm Beach Cardinals : LHP Carlos Salcido
Batting: LHB Lee Gerken 0-0: Foul Ball, location: 2F
0-1: Ball
1-1: Swinging Strike
1-2: Strikes out looking
Batting: RHB Kyle Waters 0-0: Ground out 6-3 (Groundball, 6, EV 90.6 MPH)
Batting: LHB Juan Villafana 0-0: Foul Ball, location: 2F
0-1: Swinging Strike
0-2: Ground out U3 (Groundball, 3, EV 105.6 MPH)
Bottom of the 6th over - 0 runs, 0 hits, 0 errors, 0 left on base; Palm Beach 4 - Stockton 4
TOP OF THE 7TH
Palm Beach Cardinals batting - Pitching for Stockton Ports : RHP Aaron Garard
Batting: SHB Jason Kirby 0-0: Called Strike
0-1: Ball
1-1: Ball
2-1: Foul Ball, location: 2F
2-2: Strikes out looking
Batting: RHB Tim Cleary 0-0: Ground out 6-3 (Groundball, 56, EV 85.6 MPH)
Batting: LHB Billy Guzman 0-0: Ball
1-0: Foul Ball, location: 2F
1-1: Foul Ball, location: 2F
1-2: Strikes out looking
Top of the 7th over - 0 runs, 0 hits, 0 errors, 0 left on base; Palm Beach 4 - Stockton 4
BOTTOM OF THE 7TH
Stockton Ports batting - Pitching for Palm Beach Cardinals : LHP Carlos Salcido
Pitching: RHP Ricky Enriquez
Batting: RHB Edgar Landim 0-0: SOLO HOME RUN (Flyball, 9LD, EV 93.8 MPH), Distance : 349 ft
Batting: RHB Antonio Bautista 0-0: Ball
1-0: Ball
2-0: Called Strike
2-1: Ball
3-1: Called Strike
3-2: Foul Ball, location: 2F
3-2: Strikes out looking
Batting: RHB Carlos Ballesteros 0-0: Foul Ball, location: 2F
0-1: Ball
1-1: Foul Ball, location: 2F
1-2: Ball
2-2: Ball
3-2: TRIPLE (Line Drive, 9D, EV 103.8 MPH)
Batting: RHB Moses Brokken 0-0: Ball
1-0: Called Strike
1-1: Ball
2-1: Ball
3-1: Ground out 6-3 (Groundball, 6, EV 111.3 MPH)
Batting: LHB Chance Stever 0-0: Foul Ball, location: 2F
0-1: Ball
1-1: Swinging Strike
1-2: Foul Ball, location: 2F
1-2: Strikes out looking
Bottom of the 7th over - 1 run, 2 hits, 0 errors, 1 left on base; Palm Beach 4 - Stockton 5
TOP OF THE 8TH
Palm Beach Cardinals batting - Pitching for Stockton Ports : RHP Aaron Garard
Pitching: RHP Kevin Endsley
Batting: RHB Josh Broome 0-0: Ball
1-0: Swinging Strike
1-1: Foul Ball, location: 2F
1-2: Strikes out swinging
Batting: LHB Ken Compton 0-0: Foul Ball, location: 2F
0-1: Ball
1-1: Ball
2-1: Ground out 6-3 (Groundball, 6M, EV 90.6 MPH)
Batting: LHB Ichiro Toyota 0-0: Called Strike
0-1: Ball
1-1: Called Strike
1-2: SINGLE (Groundball, 6MD, EV 102.5 MPH)
Batting: RHB Mark Cahill 0-0: Called Strike
0-1: Foul Ball, location: 2F
0-2: Strikes out swinging
Top of the 8th over - 0 runs, 1 hit, 0 errors, 1 left on base; Palm Beach 4 - Stockton 5
BOTTOM OF THE 8TH
Stockton Ports batting - Pitching for Palm Beach Cardinals : RHP Ricky Enriquez
Batting: RHB Eduardo Chavez 0-0: Ball
1-0: Foul Ball, location: 2F
1-1: Foul Ball, location: 2F
1-2: Ball
2-2: Foul Ball, location: 2F
2-2: Foul Ball, location: 2F
2-2: Ball
3-2: Ground out 5-3 (Groundball, 5, EV 92.5 MPH)
Batting: LHB Lee Gerken 0-0: Ball
1-0: Foul Ball, location: 2F
1-1: Foul Ball, location: 2F
1-2: SINGLE (Groundball, 4MD, EV 96.3 MPH)
Batting: RHB Kyle Waters 0-0: Called Strike
0-1: Swinging Strike
0-2: Ball
1-2: Ball
2-2: Ball
3-2: Ground out 5-3 (Groundball, 56S, EV 86.9 MPH)
Lee Gerken to second
Pitching: RHP Nick Durham
Batting: LHB Juan Villafana 0-0: Ground out 6-3 (Groundball, 6, EV 105.6 MPH)
Bottom of the 8th over - 0 runs, 1 hit, 0 errors, 1 left on base; Palm Beach 4 - Stockton 5
TOP OF THE 9TH
Palm Beach Cardinals batting - Pitching for Stockton Ports : RHP Kevin Endsley
Pitching: RHP Craig Daniel
Now in LF: Jonathan McDaniel
Batting: RHB Dave Cluster 0-0: Called Strike
0-1: Ball
1-1: Called Strike
1-2: Strikes out swinging
Batting: LHB Yeong-hun Joe 0-0: Ball
1-0: Foul Ball, location: 2F
1-1: Ball
2-1: Ground out U3 (Groundball, 3, EV 80.6 MPH)
Batting: SHB Jason Kirby 0-0: Foul Ball, location: 2F
0-1: Called Strike
0-2: Strikes out swinging
Top of the 9th over - 0 runs, 0 hits, 0 errors, 0 left on base; Palm Beach 4 - Stockton 5
Wednesday, June 22nd , 2022 - OOTP Baseball 23.4 Build 64